 Dungeon Crawl Stone Soup version 0.29-a0-757-g358383bc75 (webtiles) character file.

Game seed: 16864803561186354249

1011 zeratav the Ruffian (level 8, -1/79 HPs)
             Began as a Troll Fighter on July 1, 2022.
             Was an Initiate of Ru.
             Slain by an ogre
             ... wielding a +0 giant club
              (13 damage)
             ... on level 4 of the Dungeon.
             The game lasted 00:05:03 (3388 turns).

zeratav the Ruffian (Troll Fighter)                 Turns: 3388, Time: 00:05:03

Health: -1/79      AC:  6    Str: 27    XL:     8   Next: 1%
Magic:  7/7        EV:  8    Int:  4    God:    Ru [......]
Gold:   267        SH:  8    Dex:  9    Spells: 7/7 levels left

rFire   . . .      SeeInvis .     - Unarmed
rCold   . . .      Faith    .   b - +0 kite shield
rNeg    . . .      Spirit   .   y - +0 troll leather armour {Pargi}
rPois   .          Reflect  .   (helmet restricted)
rElec   .          Harm     .   (no cloak)
rCorr   .          Rampage  .   (gloves unavailable)
Will    +....                   (boots unavailable)
Stlth   +.........              f - amulet of the acrobat
HPRegen 1.83/turn               u - ring of willpower
MPRegen 0.10/turn               (no ring)

@: no status effects
A: large, unfitting armour, claws 3, regeneration 1, shaggy fur 1, tough skin 1
a: Renounce Religion


You were on level 4 of the Dungeon.
You worshipped Ru.
Ru was noncommittal.
You visited 2 branches of the dungeon, and saw 5 of its levels.
You also visited: Sewer.

You collected 267 gold pieces.


Innate Abilities, Weirdness & Mutations

You are too large for most types of armour.
You have claws for hands.
Your natural rate of healing is unusually fast.
You are covered in fur. (AC +1)
You have tough skin. (AC +1)


   Skills:
 + Level 4.4 Fighting
 + Level 3.8 Throwing
 - Level 2.4 Dodging
 + Level 4.9 Shields
 + Level 5.3 Unarmed Combat


You had 7 spell levels left.
You didn't know any spells.
Your spell library contained the following spells:

 Spells                   Type           Power      Damage    Failure   Level
 Blink                    Tloc           0%         N/A       91%         2
 Lesser Beckoning         Tloc           0%         N/A       99%         3
 Manifold Assault         Tloc           0%         N/A       100%        5

Inventory:

Missiles
 w - 6 boomerangs (quivered) {throwing}
Armour
 b - a +0 kite shield (worn)
 y - a +0 troll leather armour (worn) {Pargi}
   (You found it in a sewer)
Jewellery
 f - an amulet of the acrobat (around neck)
   (You found it on level 1 of the Dungeon)
 p - a ring of protection from cold
   (You found it on level 2 of the Dungeon)
 u - a ring of willpower (left claw)
   (You found it on level 3 of the Dungeon)
 A - an amulet of regeneration {@e2}
   (You found it in a sewer)
Wands
 t - a wand of flame (15)
   (You found it on level 3 of the Dungeon)
 D - a wand of iceblast (12)
   (You found it on level 4 of the Dungeon)
Scrolls
 d - a scroll of vulnerability {unknown}
 g - 2 scrolls of poison {unknown}
 j - a scroll of torment {unknown}
 l - a scroll of summoning {unknown}
 m - 8 scrolls of identify {unknown}
 o - 2 scrolls of magic mapping {unknown}
 q - 3 scrolls of teleportation {unknown}
 s - a scroll of noise {unknown}
 x - 2 scrolls of enchant armour {unknown}
 C - 2 scrolls of enchant weapon {unknown}
Potions
 c - a potion of might
 e - a potion of flight {unknown}
 h - a potion of ambrosia {unknown}
 i - 2 potions of mutation {unknown}
 k - a potion of haste {unknown}
 n - 3 potions of curing {unknown}
 r - a potion of brilliance {unknown}
 v - 3 potions of degeneration {unknown}
 z - a potion of cancellation {unknown}
 B - a potion of resistance
 E - a potion of lignification {unknown}
Miscellaneous
 a - a piece from Xom's chessboard (15/15)
   (You found it in a sewer)

Dungeon Overview and Level Annotations

Branches:
Dungeon (4/15) Zot: 20968  Temple (1/1) D:4 Zot: 5738   Sewer (visited)

Altars:
Fedhas
Gozag
Hepliaklqana
Kikubaaqudgha
Makhleb
Nemelex Xobeh
Okawaru
Qazlal
Ru
Sif Muna
Uskayaw
Vehumet
Xom

Shops:
D:1 ( D:3

* .######.###########.
⌠..................>
########.###########.
#⌠.......#.........#.
#.#####.)#.##..###...
#..#.##.#####.. ##.
#..#.#.##.##...
⌠.$..#####..#...#.......
....../@.......#...>..#.
......O.?............###
....##+######..####..###
### #.######..##
#..##...#..#
#)[...#.....
######+######.###.###...
#..........##...#.# ##..
#..........####.#.####..


You could see an ogre.


Message History

No target in view!
No target in view!
No target in view!
No target in view!
No target in view!
There is an open door here.
Found a stone staircase leading up.
Found an escape hatch in the ceiling.
You now have 267 gold pieces (gained 4).
There is a stone staircase leading up here.
o - 2 scrolls labelled JEREFU WERUVA (gained 1)
A howler monkey comes into view.
The howler monkey howls!
A howler monkey is nearby!
A howler monkey is nearby!
You closely miss the howler monkey.
The howler monkey hits you but does no damage.
You claw the howler monkey!
The howler monkey hits you but does no damage.
You barely miss the howler monkey. The howler monkey hits you.
HP[-3]
You take 3 damage, and now have 67/70 hp.
You closely miss the howler monkey.
The howler monkey hoots and howls with incredible vigour!
The howler monkey barely misses you.
HP[+2]
You regained 2 hp, and now have 69/70 hp.
You barely miss the howler monkey. The howler monkey closely misses you.
HP[+1]
Your hp is fully restored (70).
You barely miss the howler monkey.
The howler monkey hoots and howls with incredible vigour!
You scratch the howler monkey. The howler monkey hits you.
HP[-6]
You take 6 damage, and now have 64/70 hp.
You mangle the howler monkey!!
You kill the howler monkey!
HP[+2]
You regained 2 hp, and now have 66/70 hp.
No target in view!
No target in view!
No target in view!
No target in view!
You see here a +0 trident {polearm}.
You see here a +0 trident {polearm}.
You see here a +0 trident {polearm}.
Items here: ))) [ ÷.
E - a fizzy dark potion HP[+4]
Your hp is fully restored (70).
Grinder comes into view.
She is carrying a wand of flame (20).
Grinder shouts!
An ogre comes into view. It is wielding a +0 giant club.
The ogre shouts!
Grinder drinks a potion.
Grinder suddenly seems more resistant.
Grinder misses you.
You barely miss Grinder. The ogre barely misses you.
Grinder completely misses you.
You closely miss Grinder. Grinder hits you.
You writhe in agony.
HP[-2]
You take 2 damage, and now have 68/70 hp.
You mangle Grinder!! You block the ogre's attack.
Grinder hits you but does no damage.
HP[+2]
Your hp is fully restored (70).
You scratch Grinder. The ogre hits you with a +0 giant club!
Grinder zaps a wand.
The puff of flame hits you.
HP[-18]
You take 18 damage, and now have 52/70 hp.
MASSIVE DAMAGE!! (PAUSE)
You claw Grinder! Grinder closely misses you.
HP[+2]
You regained 2 hp, and now have 54/70 hp.
Unknown command.
You scratch Grinder.
The ogre hits you with a +0 giant club!!
* * * LOW HITPOINT WARNING * * *
Grinder gestures at you. You resist with some effort.
HP[-23]
You take 23 damage, and now have 31/70 hp.
MASSIVE DAMAGE!! (PAUSE)
You closely miss Grinder.
The ogre hits you with a +0 giant club!!
* * * LOW HITPOINT WARNING * * *
You block Grinder's attack.
HP[-24]
You take 24 damage, and now have 7/70 hp.
MASSIVE DAMAGE!! (PAUSE)
You claw Grinder!
You kill Grinder!
You have reached level 8!
HP[+3] MP[+1]
You now have 79 max hp (+9).
You regained 3 hp, and now have 10/79 hp.
Your mp is fully restored (7).
You scratch the ogre. The ogre hits you with a +0 giant club!
You die...

Skill      XL: |  1  2  3  4  5  6  7 |
---------------+----------------------+-----
Unarmed Combat | 3 4 5 |  5.3
Shields        | 3 4 |  4.9
Throwing       | 1 2 3 |  3.8
Fighting       | 3 4 |  4.4
Dodging        | |  2.4

Action                   |  1- 3 |  4- 6 |  7- 9 || total
-------------------------+-------+-------+-------++-------
Melee: Unarmed           |    86 |   201 |    29 ||   316
Armor: Robe              |    22 |    37 |       ||    59
       Troll leather arm |       |    30 |     8 ||    38
Dodge: Dodged            |    41 |    87 |     7 ||   135
Block: Kite shield       |    19 |    89 |     4 ||   112

Levels and vault maps discovered:
D:1:      wheals_arrival_linesprint, layout_basic,
          shapermc_ecumenical_altar_mp_ritualfount, serial_shops, shop
D:2:      layout_loops_cross
D:3:      kennysheep_six_static_rooms, layout_rooms,
          cheibrodos_sewer_entry_bend, serial_shops, shop, minmay_parallelograms
D:4:      layout_basic, grunt_temple_overflow_lords_of_destruction,
          nicolae_overflow_quartered_altars, minmay_temple_entry_wispy,
          uniq_sigmund, uniq_grinder
Temple:   chequers_temple_sunken

Notes
Turn   | Place    | Note
-------+----------+-------------------------------------------
     0 | D:1      | zeratav the Troll Fighter began the quest for the Orb.
     0 | D:1      | Reached XP level 1. HP: 22/22 MP: 0/0
     0 | D:1      | magus.rc [v1.9.6]
   179 | D:1      | Found Ixawowiw's Antique Weapon Emporium.
   345 | D:1      | Found a faded altar of an unknown god.
   455 | D:1      | Reached XP level 2. HP: 29/29 MP: 1/1
   660 | D:1      | Reached skill level 3 in Unarmed Combat
  1009 | D:2      | Reached XP level 3. HP: 36/36 MP: 2/2
  1056 | D:2      | Reached skill level 3 in Shields
  1175 | D:2      | HP: 6/36 [orc priest/divine providence (11)]
  1177 | D:2      | Reached skill level 1 in Throwing
  1177 | D:2      | Reached XP level 4. HP: 6/44 MP: 3/3
  1365 | D:2      | Reached skill level 3 in Fighting
  1365 | D:2      | Reached XP level 5. HP: 38/53 MP: 4/4
  1885 | D:3      | Found Anempoyq's General Store.
  2109 | D:3      | Reached skill level 2 in Throwing
  2220 | D:3      | You pick up a book of Spatial Translocations and begin
                  | reading...
  2220 | D:3      | You add the spells Blink, Lesser Beckoning and Manifold
                  | Assault to your library.
  2341 | D:3      | Found a glowing drain.
  2353 | Sewer    | Entered a sewer
  2419 | Sewer    | Noticed Pargi
  2434 | Sewer    | Killed Pargi
  2435 | Sewer    | Reached skill level 4 in Unarmed Combat
  2435 | Sewer    | Reached XP level 6. HP: 36/61 MP: 5/5
  2704 | D:4      | Found a staircase to the Ecumenical Temple.
  2709 | Temple   | Entered the Ecumenical Temple
  2898 | Temple   | Became a worshipper of Ru the Awakened
  2935 | D:4      | Reached skill level 4 in Shields
  3140 | D:4      | Noticed Sigmund
  3148 | D:4      | Reached skill level 3 in Throwing
  3148 | D:4      | Reached XP level 7. HP: 67/68 MP: 6/6
  3155 | D:4      | Killed Sigmund
  3156 | D:4      | Reached skill level 4 in Fighting
  3200 | D:4      | Found a burning altar of Makhleb.
  3201 | D:4      | Found a radiant altar of Vehumet.
  3207 | D:4      | Reached skill level 5 in Unarmed Combat
  3376 | D:4      | Noticed Grinder
  3386 | D:4      | HP: 7/70 [ogre/+0 giant club (26)]
  3387 | D:4      | Killed Grinder
  3388 | D:4      | Reached XP level 8. HP: 10/79 MP: 7/7
  3388 | D:4      | Slain by an ogre

Vanquished Creatures
  Grinder (D:4)
  Sigmund (D:4)
  Pargi (Sewer)
  An ogre (D:4)
  A scorpion (D:4)
  A howler monkey (D:4)
  A crimson imp (D:4)
  3 orc priests
  3 orc wizards
  8 adders
  An ufetubus (D:4)
  4 worms
  A dart slug (D:2)
  12 orcs
  8 bats
  5 endoplasms
  2 giant cockroaches
  6 goblins
  5 hobgoblins
  7 jackals
  6 quokkas
  3 ball pythons (D:1)
  3 frilled lizards
  6 kobolds
  5 rats
95 creatures vanquished.

Table legend:
 A = Non-vault XP
 B = Vault XP
 C = Vault XP percentage of total XP
 D = Non-vault monster count
 E = Vault monster count
 F = Vault count percentage of total count
                 A         B        C        D         E       F
            +---------+---------+-------+---------+---------+-------
      Total |     725 |     720 |  49.8 |      80 |      15 |  15.8
            +---------+---------+-------+---------+---------+-------
        D:1 |      37 |       0 |   0.0 |      16 |       0 |   0.0
        D:2 |     214 |       0 |   0.0 |      32 |       0 |   0.0
        D:3 |      40 |      34 |  45.9 |      14 |       8 |  36.4
        D:4 |     434 |     548 |  55.8 |      18 |       3 |  14.3
      Sewer |       0 |     138 | 100.0 |       0 |       4 | 100.0
            +---------+---------+-------+---------+---------+-------

Illustrated notes

Table legend:
 A = Kills in this place as a percentage of kills in entire the game.
 B = Kills by you in this place as a percentage of kills by you in the entire game.
 C = Kills by friends in this place as a percentage of kills by friends in the entire game.
 D = Other kills in this place as a percentage of other kills in the entire game.
 E = Experience gained in this place as a percentage of experience gained in the entire game.
 F = Experience gained in this place divided by the number of levels of this place that you have seen.
                   A       B       C       D       E      F
               +-------+-------+-------+-------+-------+----------------------
         Total | 100.0 | 100.0 |   N/A |   N/A | 100.0 | 240.8
       Dungeon |  95.8 |  95.8 |   N/A |   N/A |  90.4 | 326.8
         Sewer |   4.2 |   4.2 |   N/A |   N/A |   9.6 | 138.0
               +-------+-------+-------+-------+-------+----------------------

Table legend: (Time is in decaauts)
 A = Elapsed time spent in this place.
 B = Non-inter-level travel time spent in this place.
 C = Inter-level travel time spent in this place.
 D = Time resting spent in this place.
 E = Time spent auto-exploring this place.
 F = Levels seen in this place.
 G = Mean time per level.
                   A        B        C        D        E       F      G
               +--------+--------+--------+--------+--------+-----+--------+
         Total |   3470 |   3245 |    225 |      0 |   2484 |   6 |  578.3 |
       Dungeon |   3030 |   2860 |    170 |      0 |   2175 |   4 |  757.5 |
        Temple |    261 |    206 |     55 |      0 |    199 |   1 |  261.0 |
         Sewer |    178 |    178 |      0 |      0 |    109 |   1 |  178.0 |
               +--------+--------+--------+--------+--------+-----+--------+

Top non-repeatable levels by time:
     D:1: 985 daAuts
     D:2: 769 daAuts
     D:3: 762 daAuts
     D:4: 512 daAuts
  Temple: 261 daAuts
   Sewer: 178 daAuts
